 Seeded DCSS version 0.29.1-15-g9cfb28693d (webtiles) character file.

Game seed: 16245865983455551772 (custom seed)

3252 Darius099 the Unseen (level 9, -1/55 HPs)
             Began as an Octopode Brigand on Mar 8, 2023.
             Was a Believer of Dithmenos.
             Slain by a kobold brigand
             ... wielding a +0 club
              (10 damage)
             ... on level 8 of the Dungeon.
             The game lasted 00:15:52 (7487 turns).

Darius099 the Unseen (Octopode Brigand)             Turns: 7487, Time: 00:15:53

Health: -1/55      AC:  1    Str: 11    XL:     9   Next: 99%
Magic:  18/18      EV: 13    Int: 28    God:    Dithmenos [**....]
Gold:   428        SH:  0    Dex: 17    Spells: 8/8 levels left

rFire   + . .      SeeInvis .   v - +1 dagger (venom)
rCold   . . .      Faith    .   (no shield)
rNeg    . . .      Spirit   .   k - +0 hat {Stlth+}
rPois   .          Reflect  .   s - amulet of regeneration
rElec   .          Harm     .   h - +6 ring of intelligence
rCorr   .          Rampage  .   i - +6 ring of intelligence
Will    .....                   j - +4 ring of slaying Stlth *+++++++++
                                d - ring "Dile" {rF+ MP+9 Int+3 Slay+2}
HPRegen 0.98/turn               (no ring)
MPRegen 0.16/turn               (no ring)
                                (no ring)
                                (no ring)

@: lethally poisoned (-1 -> -5), wreathed by umbra, studying Stealth
A: almost no armour, amphibious, 8 rings, camouflage 1, gelatinous body 1,
(nimble swimmer 1), tentacles
a: Renounce Religion, Shadow Step


You were on level 8 of the Dungeon.
You worshipped Dithmenos.
Dithmenos was pleased with you.
You visited 1 branch of the dungeon, and saw 8 of its levels.

You collected 428 gold pieces.

Inventory:

Hand Weapons
 v - a +1 dagger of venom (weapon)
Missiles
 b - 30 poisoned darts
 c - 4 curare-tipped darts
Armour
 a - a +0 buckler
 k - a +0 hat of stealth (worn)
Jewellery
 d - the ring "Dile" (on tentacle) {rF+ MP+9 Int+3 Slay+2}
   (You acquired it on level 2 of the Dungeon)

   [ring of magical power]

   Int:       It affects your intelligence (+3).
   Slay:      It affects your accuracy & damage with ranged weapons and melee
   (+2).
   rF:        It protects you from fire.
   MP:        It affects your magic capacity (+9).
 h - a +6 ring of intelligence (left tentacle)
 i - a +6 ring of intelligence (right tentacle)
 j - a +4 ring of slaying (on tentacle)
 s - an amulet of regeneration (around mantle)
 x - a ring of ice
Wands
 p - a wand of roots (25)
 C - a wand of flame (81)
 E - a wand of charming (8)
Scrolls
 g - 7 scrolls of teleportation
 l - 3 scrolls of identify
 n - 2 scrolls of summoning {unknown}
 o - a scroll of enchant weapon {unknown}
 q - a scroll of noise {unknown}
 r - 2 scrolls of immolation {unknown}
 w - a scroll of silence {unknown}
 y - a scroll of butterflies {unknown}
 B - a scroll of amnesia {unknown}
 D - a scroll of poison {unknown}
 F - a scroll of enchant armour {unknown}
Potions
 e - a potion of might
 f - 2 potions of flight
 m - a potion of lignification
 t - a potion of berserk rage
 u - 4 potions of brilliance
 z - a potion of curing
 A - 2 potions of attraction {unknown}


   Skills:
 - Level 2.5 Fighting
 + Level 9.7 Short Blades
 - Level 2.5 Throwing
 - Level 1.8 Dodging
 + Level 16.2 Stealth


You had 8 spell levels left.
You didn't know any spells.
Your spell library contained the following spells:

 Spells                   Type           Power      Damage    Failure   Level
 Sting                    Tmut/Pois      0%         1d3       11%         1
 Poisonous Vapours        Pois/Air       0%         N/A       17%         2
 Confusing Touch          Hex            0%         N/A       32%         3
 Olgreb's Toxic Radiance  Pois           0%         N/A       73%         4
 Yara's Violent Unravell  Hex/Tmut       0%         3d3       97%         5
 Enfeeble                 Hex            0%         N/A       100%        7
 Chain Lightning          Conj/Air       0%         N/A       100%        9
 Fire Storm               Conj/Fire      0%         5d1       100%        9
 Shatter                  Erth           0%         3d5*      100%        9


Dungeon Overview and Level Annotations

Branches:
Dungeon (8/15)             Temple (0/1) D:5
   Lair: D:8-11

Altars:
Cheibriados
Dithmenos
Hepliaklqana
Makhleb
Zin

Shops:
D:3 [   D:4 *:[   D:7 =

Annotations:
D:8 Joseph


Innate Abilities, Weirdness & Mutations

You cannot wear most types of armour.
You are amphibious.
You can wear up to eight rings at the same time.
Your skin changes colour to match your surroundings (Stealth+).
Your rubbery body absorbs attacks. (AC +1, EV +1)
((You are camouflaged when in or above water. (Stealth+)))
You have tentacles for arms and can constrict up to eight enemies at once.


Message History

The killer bee is lightly wounded.
The killer bee stings you!
You are poisoned.
The killer bee poisons you! The kobold brigand barely misses you.
The orc barely misses you.
You hit the killer bee.
The killer bee is poisoned.
Your grab misses the killer bee.
The killer bee is moderately wounded.
You feel sick. The killer bee misses you.
You closely miss the killer bee. You grab the killer bee.
You squeeze the killer bee, but do no damage.
The killer bee is moderately wounded.
You constrict the killer bee.
You feel sick. The killer bee stings you!
* * * LOW HITPOINT WARNING * * *
The kobold barely misses you. The orc hits you with a +0 short sword.
* * * LOW HITPOINT WARNING * * *
The kobold brigand hits you with a +0 club.
* * * LOW HITPOINT WARNING * * *
You don't have enough health at the moment.
Okay, then.
You feel better.
You constrict the killer bee. The killer bee closely misses you.
The killer bee barely misses you. The orc closely misses you.
The kobold brigand completely misses you.
The kobold barely misses you.
You hit the killer bee.
The killer bee looks as sick as possible!
You squeeze the killer bee.
You kill the killer bee!
Dithmenos accepts your kill.
You hit the killer bee.
The killer bee is poisoned.
You grab the killer bee.
The killer bee is moderately wounded.
You constrict the killer bee. The killer bee stings you!
* * * LOW HITPOINT WARNING * * *
You are poisoned.
The killer bee poisons you! The orc hits you with a +0 short sword.
* * * LOW HITPOINT WARNING * * *
The kobold hits you but does no damage.
The kobold brigand hits you with a +0 club!
You die...

..........##...........P..
.........:##.......P...Y.P
..........##.......P.PP...
..........##.........P....
..........##.............
..........##..........#
K......)..##.†......#
.........o####.....########
........KK@yy#...##........
........@K##..>...........)
..........##...............
..........##...............
############...............
....[........###
..............#
...............#
...########.######


You could see Joseph, a kobold brigand (very poisoned), 2 killer bees, an orc
and 2 kobolds.

Vanquished Creatures
  Maurice (D:8)
  Sigmund (D:5)
  A steam dragon (D:7)
  A water moccasin (D:6)
  An ice beast (D:7)
  2 orc warriors
  A black bear (D:5)
  An ogre (D:4)
  A phantom (D:6)
  A centaur (D:5)
  A kobold brigand (D:6)
  4 bullfrogs
  2 necrophages
  5 scorpions
  4 wights (D:7)
  A killer bee (D:8)
  4 howler monkeys
  3 orc priests
  A gnoll bouda (D:7)
  4 hounds
  An iron imp (D:4)
  Jessica (D:2)
  3 iguanas
  5 orc wizards
  Natasha (twice) (D:3)
  A hound skeleton (D:4)
  7 gnolls
  5 adders
  A white imp (D:5)
  A dart slug (D:5)
  15 orcs
  6 ball pythons
  3 bats
  8 endoplasms
  A giant cockroach (D:4)
  5 goblins
  8 hobgoblins
  16 kobolds
  4 quokkas
  3 frilled lizards
  7 rats
143 creatures vanquished.

Vanquished Creatures (others)
  25 fungi (D:8)
  27 plants
52 creatures vanquished.

Grand Total: 195 creatures vanquished

Notes
Turn   | Place    | Note
-------+----------+-------------------------------------------
     0 | D:1      | Darius099 the Octopode Brigand began the quest for the Orb.
     0 | D:1      | Reached XP level 1. HP: 14/14 MP: 1/1
   283 | D:1      | Reached XP level 2. HP: 19/19 MP: 2/2
   348 | D:1      | Found a faded altar of an unknown god.
  1188 | D:1      | Reached XP level 3. HP: 24/24 MP: 3/3
  1305 | D:2      | Noticed Jessica
  1309 | D:2      | Killed Jessica
  1310 | D:2      | Reached XP level 4. HP: 30/30 MP: 4/4
  1310 | D:2      | Identified 3 scrolls of acquirement
  1310 | D:2      | Acquired a +4 ring of slaying
  1313 | D:2      | Acquired a +0 hat of stealth
  1320 | D:2      | Acquired the ring "Dile" {rF+ MP+9 Int+3 Slay+2}
  2134 | D:3      | Found Ymmy Ciutu's Antique Armour Shoppe.
  2149 | D:3      | Reached skill level 6 in Stealth
  2153 | D:3      | Reached XP level 5. HP: 35/35 MP: 5/5
  2395 | D:3      | Noticed Natasha
  2405 | D:3      | Killed Natasha
  2406 | D:3      | Reached skill level 7 in Stealth
  2878 | D:3      | Noticed Natasha
  2881 | D:3      | Killed Natasha
  2882 | D:3      | Reached XP level 6. HP: 41/41 MP: 6/6
  3100 | D:4      | Found Tuuwolaw's General Store.
  3120 | D:4      | Found Gamycsypi's Antique Armour Boutique.
  3143 | D:4      | Reached skill level 8 in Stealth
  3169 | D:4      | Found a burning altar of Makhleb.
  3179 | D:4      | Reached XP level 7. HP: 35/45 MP: 7/7
  3296 | D:4      | Found a shadowy altar of Dithmenos.
  3300 | D:4      | Became a worshipper of Dithmenos the Shadowed
  3419 | D:4      | Found Koenoidu's Book Boutique.
  3528 | D:4      | Found a snail-covered altar of Cheibriados.
  3552 | D:4      | Reached skill level 5 in Short Blades
  4023 | D:5      | Entered Level 5 of the Dungeon
  4025 | D:5      | Noticed Sigmund
  4028 | D:5      | Killed Sigmund
  4029 | D:5      | Reached skill level 9 in Stealth
  4312 | D:5      | Reached XP level 8. HP: 42/51 MP: 8/8
  4397 | D:5      | Reached skill level 10 in Stealth
  4476 | D:5      | Found a staircase to the Ecumenical Temple.
  4642 | D:5      | Found a glowing silver altar of Zin.
  5680 | D:6      | Reached skill level 11 in Stealth
  5900 | D:6      | Reached * piety under Dithmenos
  6533 | D:6      | Acquired a manual of Stealth
  6558 | D:7      | Found Dackej's Jewellery Shoppe.
  6604 | D:7      | Reached skill level 12 in Stealth
  6604 | D:7      | Reached XP level 9. HP: 7/55 MP: 9/9
  6761 | D:7      | Found a hazy altar of Hepliaklqana.
  6801 | D:7      | Reached skill level 13 in Stealth
  7078 | D:7      | Reached skill level 14 in Stealth
  7418 | D:8      | Noticed Maurice
  7425 | D:8      | Killed Maurice
  7426 | D:8      | Reached skill level 15 in Stealth
  7462 | D:8      | Reached skill level 16 in Stealth
  7464 | D:8      | Reached ** piety under Dithmenos
  7479 | D:8      | Noticed Joseph
  7487 | D:8      | Slain by a kobold brigand

Illustrated notes

Levels and vault maps discovered:
D:1:      minmay_arrival_hallway, layout_loops_corners, basic_ecumenical_altar,
          minmay_unequal
D:2:      layout_loops_ring, uniq_jessica
D:3:      layout_basic, serial_shops, nicolae_shop_advertising_works
          [nicolae_subvault_shop_adworks], minmay_shallow_snake_nest,
          uniq_natasha
D:4:      layout_rooms, grunt_dithmenos_smoke_and_mirrors,
          makhleb_blood_cavern_becter, slow_altar_1, serial_shops,
          nicolae_square_shop, nicolae_shop_temple_entry_statues_fountains,
          kennysheep_mini_moat, chequers_serial_rivers_large_a,
          minmay_fractal_squares_gapless_5
D:5:      layout_layer_cave, mainiacjoe_overflow_cross_hatched,
          lemuel_temple_firewalk_b, uniq_sigmund
D:6:      layout_basic
D:7:      layout_basic, nicolae_hepliaklqana_hazy_memory, serial_shops,
          nicolae_stop_n_shop_2
D:8:      layout_basic, nicolae_qazlal_style_of_elements,
          grunt_lair_entry_orc_guard_hut, uniq_amaemon, uniq_psyche,
          uniq_joseph, uniq_maurice

Skill      XL: |  1  2  3  4  5  6  7  8  9 |
---------------+----------------------------+-----
Stealth        | 6 7 8 9 12 16 | 16.2
Short Blades   | 3 4 6 7 9 |  9.7
Fighting       | |  2.5
Throwing       | |  2.5
Dodging        | |  1.8

Action                   |  1- 3 |  4- 6 |  7- 9 || total
-------------------------+-------+-------+-------++-------
Melee: Dagger            |    31 |    50 |   195 ||   276
       Constrict         |     6 |     8 |    37 ||    51
       Tentacles         |     2 |    10 |    31 ||    43
       Punch             |       |     1 |     1 ||     2
  Use: Scroll            |       |     3 |     9 ||    12
       Potion            |       |       |     3 ||     3
 Stab: Sleeping          |    11 |    19 |    30 ||    60
       Distracted        |     1 |     3 |       ||     4
Armor: Skin              |       |       |    36 ||    36
Dodge: Dodged            |    11 |    13 |   104 ||   128
